 Dungeon Crawl Stone Soup version 0.30-a0-696-g2367cd04db (webtiles) character file.

Game seed: 148548534309930517

308 Newt the Trooper (level 6, -3/48 HPs)
             Began as a Demonspawn Gladiator on Jan 20, 2023.
             Succumbed to an orc's poison
             ... on level 4 of the Dungeon.
             The game lasted 00:02:58 (2820 turns).

Newt the Trooper (Demonspawn Gladiator)             Turns: 2820, Time: 00:02:58

Health: -3/48      AC:  5    Str: 16    XL:     6   Next: 16%
Magic:  6/6        EV: 12    Int: 16    God:
Gold:   130        SH:  3    Dex: 14    Spells: 5/5 levels left

rFire   . . .      SeeInvis .    a - +0 rapier
rCold   . . .      Faith    .    l - +0 buckler
rNeg    . . .      Spirit   .    b - +0 leather armour
rPois   .          Reflect  .    c - +0 helmet
rElec   .          Harm     .    (cloak unavailable)
rCorr   .          Rampage  .    (no gloves)
Will    .....                    n - +0 pair of boots
Stlth   ++                       (no amulet)
HPRegen 0.28/turn                p - +6 ring of intelligence
MPRegen 0.10/turn                (no ring)

@: lethally poisoned (-3 -> -28)
A: ignite blood 2, weakness stinger 3
a: no special abilities


You were on level 4 of the Dungeon.
You visited 1 branch of the dungeon, and saw 4 of its levels.

You collected 130 gold pieces.

Inventory:

Hand Weapons
 a - a +0 rapier (weapon)
Missiles
 h - 6 poisoned darts (quivered)
Armour
 b - a +0 leather armour (worn)
 c - a +0 helmet (worn)
 l - a +0 buckler (worn)
 n - a +0 pair of boots (worn)
Jewellery
 p - a +6 ring of intelligence (left hand)
Scrolls
 g - a scroll of identify
 j - a scroll of teleportation
 o - 2 scrolls of fear
Potions
 f - 2 potions of lignification
 i - a potion of mutation
 k - a potion of flight
 m - a potion of haste {unknown}
 q - a potion of curing


   Skills:
 - Level 4.0 Fighting
 - Level 2.6 Short Blades
 - Level 1.7 Throwing
 * Level 1.9 Armour
 - Level 4.0 Dodging
 - Level 3.0 Stealth


You had 5 spell levels left.
You didn't know any spells.
Your spell library contained the following spells:

 Spells                   Type           Power      Damage    Failure   Level
 Necrotise                Necr           0%         1d4       38%         1
 Inner Flame              Hex/Fire       0%         N/A       77%         3
 Vampiric Draining        Necr           0%         2d6       77%         3
 Flame Wave               Conj/Fire      0%         2d4       99%         4
 Sticky Flame             Conj/Fire      0%         2d3       99%         4
 Agony                    Necr           0%         N/A       100%        5


Dungeon Overview and Level Annotations

Branches:
Dungeon (4/15)
 Temple: D:4-7

Altars:

Shops:
D:1 =*?


Innate Abilities, Weirdness & Mutations

Your demonic aura often causes spilled blood to erupt in flames.
You have a sharp stinger which inflicts weakening toxins.


Message History

You are too injured to fight recklessly!
You hit the goblin.
The goblin is severely wounded.
The goblin hits you with a +0 dagger.
You closely miss the goblin.
The goblin is severely wounded.
The goblin hits you but does no damage.
You hit the goblin.
You kill the goblin!
Things that are here:
a +0 dagger; a goblin corpse You start resting.
An orc comes into view. It is wielding a +2 hand axe of venom.
An orc is nearby!
An orc is nearby!
You hit the orc but do no damage.
The orc hits you with a +2 hand axe of venom.
You are poisoned.
The orc completely misses you.
You closely miss the orc.
You feel sick. The orc barely misses you.
You hit the orc.
The orc is almost dead.
You feel sick.
The orc hits you with a +2 hand axe of venom.
Throw: javelin
Press: ? - help, Q - select action, (/) - cycle Shift-Dir - straight line, f - orc
Aim: an orc, wielding a +2 hand axe of venom and wearing a +0 leather armour (almost dead, 60% to hit)
You throw a javelin. The javelin barely misses the orc.
You feel sick.
The orc hits you with a +2 hand axe of venom.
* * * LOW HITPOINT WARNING * * *
You are lethally poisoned!
You hit the orc but do no damage.
The orc is almost dead.
* * * LOW HITPOINT WARNING * * *
You feel very sick.
The orc hits you with a +2 hand axe of venom.
* * * LOW HITPOINT WARNING * * *
You are more poisoned.
You die...

### ########## #..
#.....<.. #.#
........####.##
#.....))....# #
#.###.####..####.#
#.#.###).......<...#
.##.............######
(.....o☼@†.####.#
.##...###.## #.# .....
#.# #)# .### #.# #.#
#.# #.# ..# #.# ...
..# ##


You could see an orc.

Vanquished Creatures
  An ogre (D:4)
  A howler monkey (D:3)
  Crazy Yiuf (D:3)
  Natasha (twice) (D:3)
  3 adders (D:2)
  A dart slug (D:2)
  5 orcs (D:3)
  5 bats
  12 endoplasms
  4 giant cockroaches
  8 goblins
  3 hobgoblins
  5 jackals
  2 quokkas
  6 ball pythons
  5 frilled lizards
  4 kobolds
  9 rats
77 creatures vanquished.

Notes
Turn   | Place    | Note
-------+----------+-------------------------------------------
     0 | D:1      | Newt the Demonspawn Gladiator began the quest for the Orb.
     0 | D:1      | Reached XP level 1. HP: 16/16 MP: 1/1
   120 | D:1      | Found Meus Joo's Jewellery Emporium.
   127 | D:1      | Reached skill level 1 in Stealth
   148 | D:1      | Found Raabruc's Assorted Antiques.
   213 | D:1      | Found Retuul's Magic Scroll Shop.
   303 | D:1      | Gained mutation: You have a small tail. [demonic ancestry]
   303 | D:1      | Reached XP level 2. HP: 22/22 MP: 2/2
   691 | D:1      | Gained mutation: You have a tail ending in a sharp stinger.
                  | [demonic ancestry]
   691 | D:1      | Reached XP level 3. HP: 26/27 MP: 3/3
  1261 | D:2      | Gained mutation: Your demonic aura sometimes causes spilled
                  | blood to erupt in flames. [demonic ancestry]
  1261 | D:2      | Reached XP level 4. HP: 34/34 MP: 4/4
  1849 | D:3      | Found a runed translucent door.
  1850 | D:3      | Noticed Crazy Yiuf
  2234 | D:3      | Noticed Natasha
  2240 | D:3      | Killed Natasha
  2361 | D:3      | Gained mutation: You have a sharp stinger which inflicts
                  | weakening toxins. [demonic ancestry]
  2361 | D:3      | Reached XP level 5. HP: 26/42 MP: 5/5
  2645 | D:3      | Noticed Natasha
  2653 | D:3      | Killed Natasha
  2721 | D:3      | Killed Crazy Yiuf
  2780 | D:4      | Noticed an ogre
  2794 | D:4      | Killed an ogre
  2795 | D:4      | Reached skill level 1 in Armour
  2795 | D:4      | Gained mutation: Your demonic aura often causes spilled
                  | blood to erupt in flames. [demonic ancestry]
  2795 | D:4      | Reached XP level 6. HP: 26/48 MP: 6/6
  2820 | D:4      | Succumbed to an orc's poison

Illustrated notes

Levels and vault maps discovered:
D:1:      dpeg_arrival_orchard, layout_loops_corners, serial_shops, shop,
          nicolae_shop_behind_doors, shop, minmay_vboxes
D:2:      layout_basic, serial_curves, eino_curves_03, eino_curves_04,
          eino_curves_02, eino_curves_01
D:3:      layout_loops_ring, minmay_strange_pillars, uniq_crazy_yiuf_cottage,
          uniq_natasha
D:4:      layout_loops_ring

Skill      XL: |  1  2  3  4  5 |
---------------+----------------+-----
Stealth        | 1 2 3 |  3.0
Fighting       | 4 |  4.0
Dodging        | 3 4 |  4.0
Armour         | 1 |  1.9
Short Blades   | |  2.6
Throwing       | |  1.7

Action                   |  1- 3 |  4- 6 || total
-------------------------+-------+-------++-------
Melee: Rapier            |   108 |    92 ||   200
       Punch             |     1 |       ||     1
       Tailslap          |     8 |     7 ||    15
Throw: Javelin           |     1 |     1 ||     2
       Throwing net      |       |     4 ||     4
  Use: Scroll            |     4 |     4 ||     8
       Potion            |       |     1 ||     1
 Stab: Sleeping          |     3 |     5 ||     8
       Held in net/web   |       |     2 ||     2
Armor: Leather armour    |    41 |    18 ||    59
Dodge: Dodged            |    98 |    32 ||   130
Block: Buckler           |       |     5 ||     5

Table legend: (Time is in decaauts)
 A = Elapsed time spent in this place.
 B = Non-inter-level travel time spent in this place.
 C = Inter-level travel time spent in this place.
 D = Time resting spent in this place.
 E = Time spent auto-exploring this place.
 F = Levels seen in this place.
 G = Mean time per level.
                   A        B        C        D        E       F      G
               +--------+--------+--------+--------+--------+-----+--------+
         Total |   2843 |   2625 |    218 |     57 |   2059 |   4 |  710.8 |
       Dungeon |   2843 |   2625 |    218 |     57 |   2059 |   4 |  710.8 |
               +--------+--------+--------+--------+--------+-----+--------+

Top non-repeatable levels by time:
     D:1: 1006 daAuts
     D:3: 970 daAuts
     D:2: 819 daAuts
     D:4: 47 daAuts
